 Dungeon Crawl Stone Soup version 0.30-a0-702-gdf48620a09 (webtiles) character file.

Game seed: 10521404834936761885

10 drugrobin the Sneak (level 2, -3/25 HPs)
             Began as a Demigod Delver on Jan 21, 2023.
             Slain by a white imp (5 damage)
             ... on level 5 of the Dungeon.
             The game lasted 00:03:05 (405 turns).

drugrobin the Sneak (Demigod Delver)                 Turns: 405, Time: 00:03:05

Health: -3/25      AC:  3    Str: 13    XL:     2   Next: 0%
Magic:  4/4        EV: 11    Int: 12    God:
Gold:   21         SH:  0    Dex: 15    Spells: 1/1 levels left

rFire   . . .      SeeInvis .      - Unarmed
rCold   . . .      Faith    .    (no shield)
rNeg    . . .      Spirit   .    a - +0 leather armour
rPois   .          Reflect  .    (no helmet)
rElec   .          Harm     .    (no cloak)
rCorr   .          Rampage  .    (no gloves)
Will    .....                    (no boots)
Stlth   +++                      (no amulet)
HPRegen 0.24/turn                (no ring)
MPRegen 0.09/turn                (no ring)

@: no status effects
A: high MP 1, forlorn, divine attributes
a: no special abilities


You were on level 5 of the Dungeon.
You visited 1 branch of the dungeon, and saw 2 of its levels.

You collected 21 gold pieces.

Inventory:

Armour
 a - a +0 leather armour (worn)
 h - a +0 ring mail
Wands
 f - a wand of digging (3)
Scrolls
 b - 2 scrolls of fog
Potions
 e - a potion of haste
 g - 3 potions of curing {unknown}


   Skills:
 - Level 2.6 Fighting
 - Level 1.7 Dodging
 - Level 4.5 Stealth
 + Level 2.5 Unarmed Combat


You had one spell level left.
You didn't know any spells.
Your spell library contained the following spells:

 Spells                   Type           Power      Damage    Failure   Level
 Inner Flame              Hex/Fire       0%         N/A       77%         3
 Cause Fear               Hex            0%         N/A       99%         4
 Discord                  Hex            0%         N/A       100%        8


Dungeon Overview and Level Annotations

Branches:
Dungeon (5/15)             Temple (0/1) D:5


Innate Abilities, Weirdness & Mutations

You have an increased reservoir of magic. (+10% MP)
You shall have no god before yourself.
Your divine heritage dramatically boosts your attributes as you level up.


Message History

You kill the adder!
You feel sick.
Your Unarmed Combat skill increases to level 2!
You have reached level 2!
Unknown command.
You start resting.
You feel sick. x2
You are no longer poisoned.
You start resting.
HP restored.
A white imp comes into view.
Unknown command.
You see here 5 stones.
The helpless white imp fails to defend itself.
You hit the white imp.
The white imp is lightly wounded.
The white imp gestures at you. The puff of frost hits you.
You closely miss the white imp.
The white imp is lightly wounded.
The white imp gestures at you. The puff of frost hits you.
You hit the white imp but do no damage.
The white imp is lightly wounded.
The white imp barely misses you.
You hit the white imp.
The white imp is moderately wounded.
The white imp hits you. The white imp freezes you.
You closely miss the white imp.
The white imp is moderately wounded.
The white imp barely misses you.
You hit the white imp but do no damage.
The white imp is moderately wounded.
The white imp hits you. The white imp freezes you.
* * * LOW HITPOINT WARNING * * *
You hit the white imp.
The white imp is moderately wounded.
The white imp hits you.
* * * LOW HITPOINT WARNING * * *
The white imp freezes you.
You die...

..b# ##..###..# #..* *#... ...#
##..## #..# #..* *#..
...####...## #.## **,* *..
...#.......###.# *,** **,*
*#...†.........# *,,* *,,*
#...........(.## *,,* **,,*
#..............# ***,.*****,,**
#..............####....,,,,,,,,*
*#..##..........@5....#*,,,,***,,
#..#*##.............###*,,*** *,,
#..* ##............# *,,* **,,
#.,****#............# *,,* *,,,
..,,**,.............#***,,****,,,
..,,,,,..##..........**,,,,,,,,,*
..,,,,,***#...##......,,,,,,,,,,*
..,,,,,* ##..*##......***,,,,,,,
..,,,,,*****,,***,>,,,,* **,,,,,,


You could see a white imp.

Vanquished Creatures
  An adder (D:5)
  A jackal (D:5)
2 creatures vanquished.

Notes
Turn   | Place    | Note
-------+----------+-------------------------------------------
     0 | D:5      | drugrobin the Demigod Delver began the quest for the Orb.
     0 | D:5      | Reached XP level 1. HP: 18/18 MP: 3/3
    31 | D:5      | Noticed an ice beast
    76 | D:5      | Noticed a howler monkey
    94 | D:5      | Noticed an ogre
   117 | D:5      | Found a staircase to the Ecumenical Temple.
   323 | D:5      | Reached XP level 2. HP: 11/25 MP: 4/4
   405 | D:5      | Slain by a white imp

Illustrated notes

Levels and vault maps discovered:
D:4:      layout_basic, gup_sewer_entry_glass, minmay_cut_off
D:5:      layout_layer_cave, minmay_temple_entry_butterflies,
          minmay_splitting_lines

Skill      XL: |  1 |
---------------+----+-----
Unarmed Combat | 2 |  2.5
Fighting       | |  2.6
Dodging        | |  1.7
Stealth        | |  4.5

Action                   || total
-------------------------++-------
Melee: Unarmed           ||    40
       Punch             ||     2
  Use: Scroll            ||     2
 Stab: Sleeping          ||     1
Armor: Leather armour    ||     6
Dodge: Dodged            ||    23

Table legend: (Time is in decaauts)
 A = Elapsed time spent in this place.
 B = Non-inter-level travel time spent in this place.
 C = Inter-level travel time spent in this place.
 D = Time resting spent in this place.
 E = Time spent auto-exploring this place.
 F = Levels seen in this place.
 G = Mean time per level.
                   A        B        C        D        E       F      G
               +--------+--------+--------+--------+--------+-----+--------+
         Total |    403 |    376 |     27 |     88 |     85 |   2 |  201.5 |
       Dungeon |    403 |    376 |     27 |     88 |     85 |   2 |  201.5 |
               +--------+--------+--------+--------+--------+-----+--------+

Top non-repeatable levels by time:
     D:5: 396 daAuts
     D:4: 7 daAuts
